 Dungeon Crawl Stone Soup version 0.21-a0-404-g291f19a (webtiles) character file.

13 ohad the Firebug (level 2, 0/24 HPs)
             Began as an Ogre Fire Elementalist on Oct 27, 2017.
             Slain by Natasha (8 damage)
             ... on level 2 of the Dungeon.
             The game lasted 00:01:57 (680 turns).

ohad the Firebug (Ogre Fire Elementalist)            Turns: 680, Time: 00:01:58

Health: 0/24       AC:  3    Str: 11    XL:     2   Next: 37%
Magic:  3/5        EV: 10    Int: 16    God:
Gold:   9          SH:  0    Dex:  9    Spells: 4/5 levels left

rFire    . . .     SeeInvis .   e - +0 whip (elec)
rCold    . . .     Gourm    .   (no shield)
rNeg     . . .     Faith    .   a - +0 robe
rPois    .         Spirit   .   (helmet restricted)
rElec    .         Reflect  .   (no cloak)
rCorr    .         Harm     .   (gloves unavailable)
MR       .....                  (boots unavailable)
Stlth    +.........             (no amulet)
HPRegen  0.08/turn              (no ring)
MPRegen  0.09/turn              (no ring)

@: no status effects
A: unfitting armour, tough skin 1
a: no special abilities


You were on level 2 of the Dungeon.
You were not hungry.

You visited 1 branch of the dungeon, and saw 2 of its levels.

You collected 9 gold pieces.

Inventory:

Hand Weapons
 e - a +0 whip of electrocution (weapon)
 h - a +2 hand axe of chopping
Missiles
 m - 6 poisoned needles
Armour
 a - a +0 robe (worn)
Scrolls
 i - a scroll of enchant weapon {unknown}
 k - a scroll of random uselessness {unknown}
Potions
 f - a potion of resistance {unknown}
 l - a potion of heal wounds {unknown}
Books
 b - a book of Flames

   Spells                             Type                      Level
   a - Flame Tongue                   Conjuration/Fire             1
   b - Throw Flame                    Conjuration/Fire             2
   c - Conjure Flame                  Conjuration/Fire             3
   d - Inner Flame                    Hexes/Fire                   3
   e - Sticky Flame                   Conjuration/Fire             4
   f - Fireball                       Conjuration/Fire             5
Comestibles
 c - 3 bread rations
 d - 3 chunks of flesh
 g - 7 fruits
 j - a meat ration


   Skills:
 + Level 0.5 Maces & Flails
 - Level 1.7 Dodging
 - Level 1.4 Stealth
 - Level 2.4 Spellcasting
 - Level 1.9 Conjurations
 - Level 2.6 Fire Magic


You had 4 spell levels left.
You knew the following spells:

 Your Spells              Type           Power        Failure   Level  Hunger
a - Flame Tongue          Conj/Fire      #....        8%          1    #......


Dungeon Overview and Level Annotations

Branches:
Dungeon (2/15)

Altars:

Annotations:
D:2 Natasha


Innate Abilities, Weirdness & Mutations

You are too large for most types of armour.
You have tough skin. (AC +1)


Message History

The magic dart hits you!
You hit Natasha.
Natasha is lightly wounded.
Natasha casts a spell at you. The magic dart hits you!
You barely miss Natasha.
Natasha is lightly wounded.
Natasha wildly gestures.
Natasha glows brightly for a moment.
Natasha closely misses you.
Casting: Flame Tongue
Confirm with . or Enter, or press ? or * to list all spells.
Aiming: Flame Tongue
Press: ? - help, Shift-Dir - straight line, f/p - Natasha
Aim: Natasha (lightly wounded)
The flame tongue hits Natasha.
Natasha is moderately wounded.
Natasha mewls in sadness.
Natasha claws you!
You die...

).... .....
.....## #......
#[..... #......
#.....h##########
#......@........##
####............?#
##............##
#.............#
#.............#
#...........<.#
###...........#
########......#
..........#####


You could see Natasha.

Vanquished Creatures
  A giant cockroach (D:1)
  A goblin (D:1)
  2 hobgoblins (D:1)
  2 jackals (D:2)
  5 bats (D:1)
  A frilled lizard (D:1)
12 creatures vanquished.

Notes
Turn   | Place    | Note
-------+----------+-------------------------------------------
     0 | D:1      | ohad the Ogre Fire Elementalist began the quest for the Orb.
     0 | D:1      | Reached XP level 1. HP: 16/16 MP: 3/3
    63 | D:1      | Reached skill level 1 in Conjurations
   424 | D:1      | Reached XP level 2. HP: 24/24 MP: 3/5
   671 | D:2      | Noticed Natasha
   680 | D:2      | Slain by Natasha

Vault maps used:
D:1:      roderic_crop_circles_arrival_small
D:2:      uniq_natasha

Skill      XL: |  1 |
---------------+----+-----
Conjurations   | 1 |  1.9
Maces & Flails | |  0.5
Dodging        | |  1.7
Stealth        | |  1.4
Spellcasting   | |  2.4
Fire Magic     | |  2.6

Action                   || total
-------------------------++-------
Melee: Unarmed           ||    27
       Whip              ||    16
 Cast: Flame Tongue      ||    21
Armor: Robe              ||    40
Dodge: Dodged            ||    48

Table legend:
 A = Spawn XP
 B = Non-spawn XP
 C = Spawn XP percentage of total XP
 D = Spawn monster count
 E = Non-spawn monster count
 F = Spawn count percentage of total count
 G = Total turns spent on level
                    A         B        C        D         E        F      G
               +---------+---------+-------+---------+---------+-------+---------
         Total |       0 |      19 |   0.0 |       0 |      12 |   0.0 |   680
               +---------+---------+-------+---------+---------+-------+---------
           D:1 |       0 |      15 |   0.0 |       0 |      10 |   0.0 |   630
           D:2 |       0 |       4 |   0.0 |       0 |       2 |   0.0 |    50
               +---------+---------+-------+---------+---------+-------+---------
